AoeStats
← RedPhosphoru

Arabian Desert

509737925Analyzed
1v1 RM · 5d ago on Sep 27, 2026· 31m 48s· 2 players
Game mode
Random Map
Map size
Tiny (2 player)
Population
200
Speed
Normal
Resources
Standard
Victory
Conquest
Starting age
Dark Age
Ending age
Imperial Age
RankedLock teamsTeams togetherTeam positionsShared explorationLock speedFull tech treeHidden civsTurbo modeCheats
Victory
Defeat
🇺🇸 Muisca · United States
2334
+6
🇪🇸 Chinese · Spain
2066
-6
TdB.DavidVJ
0:27 Loom
8:47 Feudal Age
15:29 Castle Age
13:27 Double-Bit Axe
17:58 Fletching
21:15 Bodkin Arrow
23:33 Padded Archer Armor
24:40 Ballistics
RedPhosphoru
7:32 Loom
10:10 Feudal Age
14:04 Castle Age
12:17 Double-Bit Axe
15:24 Bow Saw
17:43 Fletching
21:52 Bodkin Arrow
24:39 Padded Archer Armor
27:34 Leather Archer Armor
28:38 Horse Collar
Connection lost

Rejoining the realm…

Still unreachable

The connection could not be restored.

Session expired

The server has moved on; the page needs a fresh start.